 Dungeon Crawl Stone Soup version 0.28-a0-863-g8cecda6153 (webtiles) character file.

Game seed: 13786252768214896855

359 Crownlay the Chopper (level 6, -2/51 HPs)
             Began as a Hill Orc Fighter on Nov 18, 2021.
             Killed from afar by an orc wizard (5 damage)
             ... with a magic dart
             ... on level 4 of the Dungeon.
             The game lasted 00:05:02 (3712 turns).

Crownlay the Chopper (Hill Orc Fighter)             Turns: 3712, Time: 00:05:03

Health: -2/51      AC:  6    Str: 21    XL:     6   Next: 65%
Magic:  7/7        EV:  9    Int:  8    God:
Gold:   102        SH:  5    Dex: 10    Spells: 5/5 levels left

rFire   . . .      SeeInvis .   a - +0 war axe
rCold   . . .      Faith    .   c - +0 buckler
rNeg    . . .      Spirit   .   b - +0 scale mail
rPois   .          Reflect  .   (no helmet)
rElec   .          Harm     .   (no cloak)
rCorr   .          Rampage  .   (no gloves)
Will    .....                   (no boots)
Stlth   ..........              (no amulet)
HPRegen 0.17/turn               (no ring)
MPRegen 0.10/turn               (no ring)

@: no status effects
A: no striking features
a: no special abilities


You were on level 4 of the Dungeon.
You visited 1 branch of the dungeon, and saw 4 of its levels.

You collected 102 gold pieces.

Inventory:

Hand Weapons
 a - a +0 war axe (weapon)
Missiles
 k - 7 boomerangs (quivered)
Armour
 b - a +0 scale mail (worn)
 c - a +0 buckler (worn)
Scrolls
 e - 2 scrolls of enchant armour {unknown}
 f - a scroll of torment {unknown}
 h - a scroll of immolation {unknown}
 i - a scroll of identify {unknown}
 j - a scroll of amnesia {unknown}
Potions
 d - a potion of degeneration {unknown}
 g - 2 potions of heal wounds {unknown}
 l - a potion of flight {unknown}


   Skills:
 - Level 3.6 Fighting
 + Level 5.7 Axes
 * Level 2.8 Throwing
 - Level 3.2 Armour
 - Level 5.2 Shields
 - Level 2.0 Invocations


You had 5 spell levels left.
You didn't know any spells.
Your spell library was empty.

Dungeon Overview and Level Annotations

Branches:
Dungeon (4/15)
 Temple: D:4-7

Altars:

Annotations:
D:3 1 runed translucent door, Crazy Yiuf


Message History

The orc wizard barely misses you.
An orc comes into view. It is wielding a +0 club.
The orc misses you.
You barely miss the orc wizard.
The orc wizard is severely wounded.
You hit the hobgoblin. You barely miss something. You hit the orc.
You kill the orc!
Something hits you but does no damage.
The orc wizard mumbles some strange words.
The orc wizard flickers and vanishes!
You block the hobgoblin's attack. Something hits you but does no damage.
You miss something. You closely miss something. You hit the hobgoblin.
You block something's attack. The hobgoblin hits you with a +0 club.
* * * LOW HITPOINT WARNING * * *
Something hits you.
* * * LOW HITPOINT WARNING * * *
Something hits you but does no damage.
You hit something.
Reactivating autopickup.
You feel a bit more experienced.
You miss something. You slash the hobgoblin!
You kill the hobgoblin!
Something hits you.
* * * LOW HITPOINT WARNING * * *
Deactivating autopickup; reactivate with Ctrl-A.
The orc hits you but does no damage.
You hit the orc.
The orc is lightly wounded.
You hit something. You block something's attack.
The orc hits you but does no damage.
You barely miss the orc.
The orc is lightly wounded.
You hit something. Something hits you but does no damage.
You block the orc's attack. Something hits you but does no damage.
You closely miss something. You barely miss the orc.
The orc hits you with a +0 club.
* * * LOW HITPOINT WARNING * * *
You hear some strange, mumbled words.
A magic dart appears from out of thin air!
The magic dart hits you.
You die...

# #. #.. #.### ## #..#.
..## ..#....## #.....
$..)...)## #.....#
#)o)##.......
##@{......... #
##.......... ##.
#.......... #...
##......... ....#
##.........
#...#####..###......#
#..........####.....# #
#..................# .
##..................##.#


You could see an orc.

Vanquished Creatures
  A phantom (D:3)
  A scorpion (D:3)
  A bullfrog zombie (D:3)
  2 orc priests (D:4)
  An iguana (D:4)
  An orc wizard (D:4)
  2 adders (D:3)
  3 dart slugs
  6 orcs (D:4)
  3 ball pythons
  4 endoplasms
  2 giant cockroaches (D:2)
  5 goblins
  2 hobgoblins
  6 jackals
  A quokka (D:2)
  6 bats
  2 frilled lizards
  6 kobolds
  8 rats
63 creatures vanquished.

Notes
Turn   | Place    | Note
-------+----------+-------------------------------------------
     0 | D:1      | Crownlay the Hill Orc Fighter began the quest for the Orb.
     0 | D:1      | Reached XP level 1. HP: 19/19 MP: 1/1
   253 | D:1      | Reached XP level 2. HP: 21/26 MP: 2/2
  1059 | D:2      | Reached XP level 3. HP: 31/31 MP: 3/3
  1092 | D:2      | Reached skill level 1 in Invocations
  1594 | D:2      | Found a faded altar of an unknown god.
  2247 | D:3      | Noticed a phantom
  2258 | D:3      | Killed a phantom
  2259 | D:3      | Reached skill level 5 in Shields
  2259 | D:3      | Reached XP level 4. HP: 20/39 MP: 5/5
  2259 | D:3      | Reached XP level 5. HP: 23/45 MP: 6/6
  2450 | D:3      | Reached skill level 1 in Throwing
  2765 | D:3      | Found a runed translucent door.
  2766 | D:3      | Noticed Crazy Yiuf
  2822 | D:3      | Reached skill level 5 in Axes
  2822 | D:3      | Reached XP level 6. HP: 28/51 MP: 7/7
  3712 | D:4      | Killed from afar by an orc wizard

Illustrated notes

Levels and vault maps discovered:
D:1:      amcnicky_arrival_double_pillar, layout_basic
D:2:      layout_loops_cross, hellmonk_ecumenical_altar_prayer_group
D:3:      layout_loops_ring, minmay_misc_feat_more_columns, st_stairs_5,
          uniq_crazy_yiuf_cottage
D:4:      layout_layer_cave, minmay_bisected

Skill      XL: |  1  2  3  4  5  6 |
---------------+-------------------+-----
Axes           | 3 4 5 |  5.7
Shields        | 4 5 |  5.2
Invocations    | 2 |  2.0
Throwing       | 1 2 |  2.8
Fighting       | |  3.6
Armour         | |  3.2

Action                   |  1- 3 |  4- 6 || total
-------------------------+-------+-------++-------
Melee: War axe           |   128 |    74 ||   202
Throw: Boomerang         |       |    19 ||    19
  Use: Potion            |     1 |       ||     1
Armor: Scale mail        |    62 |    49 ||   111
Dodge: Dodged            |    52 |    40 ||    92
Block: Buckler           |    34 |    33 ||    67

Table legend: (Time is in decaauts)
 A = Elapsed time spent in this place.
 B = Non-inter-level travel time spent in this place.
 C = Inter-level travel time spent in this place.
 D = Time resting spent in this place.
 E = Time spent auto-exploring this place.
 F = Levels seen in this place.
 G = Mean time per level.
                   A        B        C        D        E       F      G
               +--------+--------+--------+--------+--------+-----+--------+
         Total |   3778 |   3533 |    245 |      0 |   3061 |   4 |  944.5 |
       Dungeon |   3778 |   3533 |    245 |      0 |   3061 |   4 |  944.5 |
               +--------+--------+--------+--------+--------+-----+--------+

Top non-repeatable levels by time:
     D:3: 1593 daAuts
     D:1: 1037 daAuts
     D:2: 855 daAuts
     D:4: 292 daAuts
